 Dungeon Crawl Stone Soup version 0.31-a0-152-g6aa68a64a1 (webtiles) character file.

Game seed: 13222017236105732126

115 qw the Shooter (level 4, -5/39 HPs)
             Began as a Minotaur Hunter on June 9, 2023.
             Killed from afar by Ijyb (12 damage)
             ... with a bolt of dispelling energy
             ... on level 3 of the Dungeon.
             The game lasted 00:00:45 (1900 turns).

qw the Shooter (Minotaur Hunter)                    Turns: 1900, Time: 00:00:45

Health: -5/39      AC:  5    Str: 15    XL:     4   Next: 68%
Magic:  3/3        EV: 11    Int:  6    God:
Gold:   85         SH:  0    Dex: 16    Spells: 3/3 levels left

rFire   . . .        Y - +1 shortbow
rCold   . . .        (shield currently unavailable)
rNeg    . . .        g - +0 ring mail
rPois   .            (helmet restricted)
rElec   .            (no cloak)
rCorr   .            (no gloves)
SInv    .            (no boots)
Will    .....        (no amulet)
Stlth   +            (no ring)
HPRegen 0.26/turn    (no ring)
MPRegen 0.08/turn

%: no passive effects
@: no status effects
A: horns 2, retaliatory headbutt
a: no special abilities


You were on level 3 of the Dungeon.
You visited 1 branch of the dungeon, and saw 3 of its levels.

You collected 85 gold pieces.


Innate Abilities, Weirdness & Mutations

You have a pair of horns on your head.
You reflexively headbutt those who attack you in melee.


   Skills:
 + Level 3.6 Fighting
 - Level 6.1 Ranged Weapons
 - Level 1.1 Armour
 - Level 2.1 Dodging
 - Level 0.7 Stealth


You had 3 spell levels left.
You didn't know any spells.
Your spell library was empty.

Inventory:

Hand Weapons
 Y - a +1 shortbow (weapon)
Armour
 g - a +0 ring mail (worn)
Scrolls
 d - a scroll of enchant armour
 e - a scroll of torment {unknown}
Potions
 a - a potion of heal wounds
 b - 2 potions of might {unknown}
 f - a potion of berserk rage {unknown}
 k - a potion of curing {unknown}

Dungeon Overview and Level Annotations

Branches:
Dungeon (3/15)

Altars:

Shops:
D:2 *

Annotations:
D:1 1 transporter
D:3 1 transporter, Ijyb; qw's ghost, amateur MiHu


Message History

The orc misses you.
You shoot an arrow. The arrow hits the orc.
The orc is lightly wounded.
Ijyb screams, "I no like you!" The orc hits you with a +0 hand axe. x2
You shoot an arrow.
The arrow hits the orc but does no damage.
The orc is lightly wounded.
The orc misses you.
You shoot an arrow. The arrow hits the orc.
The orc is heavily wounded.
The orc completely misses you. You furiously retaliate!
You headbutt the orc, but do no damage. You shoot an arrow.
The arrow hits the orc.
You kill the orc!
The goblin hits you but does no damage.
You shoot an arrow. The arrow closely misses the goblin.
The goblin closely misses you.
You shoot an arrow. The arrow hits Ijyb but does no damage.
The goblin barely misses you. The goblin hits you but does no damage.
Ijyb hits you with a +0 club. The goblin hits you but does no damage.
Ijyb hits you with a +0 club. The goblin completely misses you.
You shoot an arrow. The arrow hits Ijyb.
Ijyb is lightly wounded.
The goblin misses you.
Ijyb zaps a wand.
The bolt of dispelling energy hits you! The goblin barely misses you.
You shoot an arrow. The arrow hits Ijyb.
Ijyb is moderately wounded.
The goblin hits you but does no damage. The goblin hits you with a +0 club.
Ijyb hits you with a +0 club.
You shoot an arrow. The arrow barely misses Ijyb.
Ijyb zaps a wand.
The bolt of dispelling energy hits you! The goblin hits you but does no damage.
The goblin barely misses you.
1900 ||| READING scroll of teleportation.
As you read the scroll of teleportation, it crumbles to dust.
You feel strangely unstable.
The goblin hits you but does no damage. x2; Ijyb zaps a wand.
The bolt of dispelling energy hits you!
You feel strangely stable.
You die...

###########
#..gg......
#..@g......
#...#......
#...##########
#............#
#............#
##'##.....##'##
#...#.....#...#..~~#
#...#.....#...#..~~#
#...#...).#...#..~~#


You could see Ijyb and 2 goblins.

Vanquished Creatures
  Jessica (D:3)
  2 adders
  A worm (D:2)
  3 dart slugs
  2 orcs (D:3)
  2 bats (D:3)
  8 endoplasms
  13 goblins
  8 hobgoblins
  2 jackals (D:3)
  A quokka (D:3)
  2 ball pythons
  4 frilled lizards
  2 kobolds
  6 rats
57 creatures vanquished.

Notes
Turn   | Place    | Note
-------+----------+-------------------------------------------
     0 | D:1      | qw the Minotaur Hunter began the quest for the Orb.
     0 | D:1      | Reached XP level 1. HP: 18/18 MP: 0/0
     0 | D:1      | 0 ||| qw: Version: 0.2-a-122-gbc61b45
     0 | D:1      | 0 ||| qw: Game counter: 3399
     0 | D:1      | 0 ||| qw: Always use a shield: true
     0 | D:1      | 0 ||| qw: God list: Okawaru
     0 | D:1      | 0 ||| qw: Allow faded altars: false
     0 | D:1      | 0 ||| qw: Do Orc after D:15 true
     0 | D:1      | 0 ||| qw: Do second Lair branch before Depths: true
     0 | D:1      | 0 ||| qw: Lair rune preference: random
     0 | D:1      | 0 ||| qw: Plans: Normal
     0 | D:1      | 0 ||| PLANNING D:1-11
   156 | D:1      | Reached XP level 2. HP: 25/25 MP: 1/1
   230 | D:1      | Reached skill level 5 in Ranged Weapons
   556 | D:1      | 556 ||| READING scroll labelled PIAPNE VAUKU.
   557 | D:1      | 557 ||| READING scroll labelled NUSELO MITSAIS.
   560 | D:1      | 560 ||| READING scroll labelled VAIJAU FANAMEFF.
   561 | D:1      | 561 ||| DROPPING scroll of butterflies.
   602 | D:2      | Reached skill level 3 in Fighting
   625 | D:2      | Reached XP level 3. HP: 31/31 MP: 2/2
   684 | D:2      | Found Ihedgh's General Store.
   695 | D:2      | 695 ||| SHOPLISTING scroll of teleportation (39 gold, have
                  | 32).
   935 | D:2      | Found a faded altar of an unknown god.
  1293 | D:2      | 1293 ||| UPGRADING to +0 ring mail.
  1303 | D:2      | 1303 ||| DROPPING +0 leather armour.
  1304 | D:2      | 1304 ||| READING 2 scrolls labelled BOUDEFULOC.
  1305 | D:2      | 1305 ||| READING scroll labelled GENECR OQIRPH.
  1306 | D:2      | 1306 ||| READING 2 scrolls labelled QOREXZ NOCHOFU.
  1307 | D:2      | 1307 ||| READING scroll labelled DILACR SERA.
  1308 | D:2      | 1308 ||| READING scroll labelled HOMAIM BAGAKHUKO.
  1309 | D:2      | 1309 ||| READING scroll labelled BETIPLOLIM.
  1310 | D:2      | 1310 ||| DRINKING 2 sapphire potions.
  1311 | D:2      | 1311 ||| DRINKING 2 sedimented amethyst potions.
  1327 | D:2      | 1327 ||| DROPPING potion of lignification.
  1328 | D:2      | 1328 ||| DROPPING scroll of blinking.
  1425 | D:3      | Reached skill level 1 in Armour
  1429 | D:3      | Noticed qw's ghost (amateur MiHu)
  1430 | D:3      | Found a transporter.
  1566 | D:3      | Reached XP level 4. HP: 38/38 MP: 3/3
  1609 | D:3      | Noticed Jessica
  1620 | D:3      | Killed Jessica
  1621 | D:3      | Reached skill level 6 in Ranged Weapons
  1889 | D:3      | Noticed Ijyb
  1899 | D:3      | HP: 7/39 [Ijyb/bolt of dispelling energy (11)]
  1900 | D:3      | 1900 ||| READING scroll of teleportation.
  1900 | D:3      | Killed from afar by Ijyb

Levels and vault maps discovered:
D:1:      spicycebolla_arrival_risky_transporter, layout_loops_ring
D:2:      layout_rooms, dreamdust_ecumenical_altar_statues, serial_shops, shop,
          minivault_4, minivault_14, kennysheep_donut, minmay_misc_feat_x
D:3:      kennysheep_goblin_castle, layout_rooms, gammafunk_ghost_arena,
          chequers_serial_rivers_small_3, uniq_jessica

Skill      XL: |  1  2  3  4 |
---------------+-------------+-----
Ranged Weapons | 5 6 |  6.1
Fighting       | 3 |  3.6
Armour         | 1 |  1.1
Dodging        | |  2.1
Stealth        | |  0.7

Action                     |  1- 3 |  4- 6 || total
---------------------------+-------+-------++-------
   Fire: Shortbow          |   108 |    42 ||   150
    Use: Scroll            |     9 |     1 ||    10
         Potion            |     2 |       ||     2
 Armour: Ring mail         |     2 |    15 ||    17
  Dodge: Dodged            |    13 |    17 ||    30

Table legend:
 A = Non-vault XP
 B = Vault XP
 C = Vault XP percentage of total XP
 D = Non-vault monster count
 E = Vault monster count
 F = Vault count percentage of total count
                 A         B        C        D         E       F
            +---------+---------+-------+---------+---------+-------
      Total |     114 |      51 |  30.9 |      48 |       9 |  15.8
            +---------+---------+-------+---------+---------+-------
        D:1 |      25 |       0 |   0.0 |      14 |       0 |   0.0
        D:2 |      45 |       0 |   0.0 |      18 |       0 |   0.0
        D:3 |      44 |      51 |  53.7 |      16 |       9 |  36.0
            +---------+---------+-------+---------+---------+-------
